 Dungeon Crawl Stone Soup version 0.21.1-1-g345015f (webtiles) character file.

155 letownia2 the Poker (level 5, -1/38 HPs)
             Began as a Merfolk Skald on Mar 12, 2018.
             Slain by a quokka (2 damage)
             ... on level 4 of the Dungeon.
             The game lasted 00:06:14 (950 turns).

letownia2 the Poker (Merfolk Skald)                  Turns: 950, Time: 00:06:15

Health: -1/38      AC:  3    Str: 11    XL:     5   Next: 37%
Magic:  2/8        EV: 12    Int: 13    God:
Gold:   185        SH:  0    Dex: 14    Spells: 2/8 levels left

rFire    . . .     SeeInvis .   a - +0 spear
rCold    . . .     Gourm    .   (no shield)
rNeg     . . .     Faith    .   b - +0 leather armour
rPois    .         Spirit   .   (no helmet)
rElec    .         Reflect  .   (no cloak)
rCorr    .         Harm     .   (no gloves)
MR       .....                  (no boots)
Stlth    +.........             (no amulet)
HPRegen  0.12/turn              (no ring)
MPRegen  0.11/turn              (no ring)

@: no status effects
A: change form in water, swift swim, stealthy swim
a: no special abilities


You were on level 4 of the Dungeon.
You were hungry.

You visited 1 branch of the dungeon, and saw 5 of its levels.
You also visited: Sewer.

You collected 185 gold pieces.

Inventory:

Hand Weapons
 a - a +0 spear (weapon)
Armour
 b - a +0 leather armour (worn)
 m - a +0 cloak
Scrolls
 e - 2 scrolls of enchant armour {unknown}
 h - 3 scrolls of teleportation {unknown}
 i - 2 scrolls of fear {unknown}
 k - a scroll of blinking {unknown}
 n - a scroll of identify {unknown}
 o - 2 scrolls of fog {unknown}
Potions
 g - a potion of curing {unknown}
 j - a potion of might {unknown}
 l - 2 potions of flight {unknown}
Books
 c - a book of Battle

   Spells                             Type                      Level
   a - Infusion                       Charms                       1
   b - Shroud of Golubria             Charms/Translocation         2
   c - Song of Slaying                Charms                       2
   d - Spectral Weapon                Hexes/Charms                 3
   e - Regeneration                   Charms/Necromancy            3
Comestibles
 d - a ration
 f - 4 chunks of flesh


   Skills:
 - Level 2.1 Fighting
 + Level 6.7 Polearms
 - Level 0.6 Armour
 - Level 2.6 Dodging
 - Level 2.2 Spellcasting
 - Level 1.0 Hexes
 - Level 3.5 Charms
 - Level 1.1 Translocations


You had 2 spell levels left.
You knew the following spells:

 Your Spells              Type           Power        Failure   Level  Hunger
a - Infusion              Chrm           ##..         8%          1    ##.....
t - Shroud of Golubria    Chrm/Tloc      #.........   19%         2    ###....
x - Spectral Weapon       Hex/Chrm       #.......     36%         3    ####...


Dungeon Overview and Level Annotations

Branches:
Dungeon (5/15)
 Temple: D:4-7

Altars:
Ru
Uskayaw
Zin


Message History

Unknown command.
The quokka bites you.
* * * LOW HITPOINT WARNING * * *
Unknown command.
Attack whom?
Press: ? - help, Dir - move target cursor, f/p - quokka
Aim: a quokka You hit the quokka.
The quokka is lightly wounded.
Your spectral weapon completely misses the quokka.
The quokka closely misses you.
Unknown command.
Attack whom?
Press: ? - help, Dir - move target cursor, f/p - quokka
Aim: a quokka (lightly wounded)
You hit the quokka.
The quokka is almost dead.
Your spectral weapon closely misses the quokka.
The quokka bites you.
You die...

........# . .........
###. ......... ....
........ ## ###... ######
....... o..
.#<..##....#######...
.....r..'....'†....+l..
####.#.###.....#######...
.......#@#..#### #.......
#.(r#.# #.......
.......#.#.)# #.......
######.###.###########...
.. ................ ###
.#########....... .. .
##.###### ##.#+###
#......(. #......#
#......##


You could see a quokka and a friendly spectral spear.

Vanquished Creatures
  A scorpion (D:4)
  A hound (D:4)
  A gnoll (D:1)
  3 adders
  A river rat (D:3)
  A dart slug (D:2)
  4 leopard geckos
  2 orcs
  3 ball pythons
  A giant cockroach (D:2)
  A goblin (D:2)
  2 hobgoblins (D:2)
  2 kobolds (D:2)
  3 frilled lizards
  A rat (D:3)
  2 fungi (D:4)
29 creatures vanquished.

Vanquished Creatures (others)
  A spectral weapon (D:3)
1 creature vanquished.

Grand Total: 30 creatures vanquished

Notes
Turn   | Place    | Note
-------+----------+-------------------------------------------
     0 | D:1      | letownia2 the Merfolk Skald began the quest for the Orb.
     0 | D:1      | Reached XP level 1. HP: 16/16 MP: 3/3
    25 | D:1      | Reached XP level 2. HP: 9/22 MP: 0/5
    31 | D:1      | Learned a level 2 spell: Shroud of Golubria
    95 | D:2      | Found a glowing silver altar of Zin.
   146 | D:2      | Reached skill level 1 in Translocations
   221 | D:2      | Reached XP level 3. HP: 11/27 MP: 2/6
   266 | D:2      | Reached skill level 4 in Polearms
   399 | D:3      | Learned a level 3 spell: Spectral Weapon
   442 | D:3      | Found a glowing drain.
   468 | Sewer    | Entered a sewer
   504 | Sewer    | Reached skill level 1 in Hexes
   504 | Sewer    | Reached XP level 4. HP: 14/33 MP: 2/7
   524 | Sewer    | Noticed Purgy
   768 | D:4      | Reached skill level 5 in Polearms
   815 | D:4      | Found a hide-covered altar of Uskayaw.
   815 | D:4      | Found a sacrificial altar of Ru.
   883 | D:5      | Entered Level 5 of the Dungeon
   925 | D:4      | Reached skill level 6 in Polearms
   925 | D:4      | Reached XP level 5. HP: 8/38 MP: 2/8
   948 | D:4      | HP: 1/38 [quokka (2)]
   950 | D:4      | Slain by a quokka

Skill      XL: |  1  2  3  4 |
---------------+-------------+-----
Translocations | 1 |  1.1
Polearms       | 4 6 |  6.7
Hexes          | 1 |  1.0
Fighting       | |  2.1
Armour         | |  0.6
Dodging        | |  2.6
Spellcasting   | |  2.2
Charms         | |  3.5

Action                   |  1- 3 |  4- 6 || total
-------------------------+-------+-------++-------
Melee: Spear             |   107 |   112 ||   219
       Tailslap          |     3 |       ||     3
 Cast: Infusion          |     1 |     1 ||     2
       Shroud of Golubri |    13 |     8 ||    21
       Spectral Weapon   |     1 |     3 ||     4
 Stab: Distracted        |       |     1 ||     1
  Eat: Chunk             |       |     2 ||     2
Armor: Leather armour    |     8 |     8 ||    16
Dodge: Dodged            |    56 |    40 ||    96
